 Seeded DCSS version 0.29-a0-1023-g6ae1a4a2c7 (webtiles) character file.

Game seed: 6155037152212704371 (custom seed)

1566 mathmaestro the Purveyor of Pain (level 8, 0/61 HPs)
             Began as a Demonspawn Necromancer on Aug 11, 2022.
             Was an Initiate of Kikubaaqudgha.
             Killed from afar by an orc wizard (10 damage)
             ... with a puff of flame
             ... on level 6 of the Dungeon.
             The game lasted 00:13:54 (5754 turns).

mathmaestro the Purveyor of Pain (DsNe)             Turns: 5754, Time: 00:13:54

Health: 0/61       AC:  7    Str:  9    XL:     8   Next: 59%
Magic:  0/15       EV: 11    Int: 19    God:    Kikubaaqudgha [......]
Gold:   199        SH:  4    Dex: 13    Spells: 9/17 levels left

rFire   . . .      SeeInvis .   D - +5 trident
rCold   . . .      Faith    .   g - +0 buckler
rNeg    . . .      Spirit   +   u - +0 leather armour
rPois   .          Reflect  .   (no helmet)
rElec   .          Harm     .   f - +0 cloak
rCorr   .          Rampage  .   B - +0 pair of gloves
Will    .....                   v - +0 pair of boots
Stlth   ++........              (no amulet)
HPRegen 0.20/turn               (no ring)
MPRegen 0.28/turn               (no ring)

@: no status effects
A: magic shield, magic regeneration, sturdy frame 1, weakness stinger 1
a: Renounce Religion


You were on level 6 of the Dungeon.
You worshipped Kikubaaqudgha.
Kikubaaqudgha was noncommittal.
You visited 2 branches of the dungeon, and saw 7 of its levels.

You collected 235 gold pieces.
You spent 36 gold pieces at shops.

Inventory:

Hand Weapons
 c - a +0 dagger of venom
 i - a +0 hand axe
 s - a +0 dagger of distortion
 C - the +12 quarterstaff of Askesosit {venom, rPois rF+ Dex-2}
   (You found it on level 5 of the Dungeon)

   It poisons the flesh of those it strikes.
   Dex:       It affects your dexterity (-2).
   rF:        It protects you from fire.
   rPois:     It protects you from poison.
 D - a +5 trident (weapon)
Missiles
 y - 2 silver boomerangs
Armour
 f - a +0 cloak (worn)
 g - a +0 buckler (worn)
 u - a +0 leather armour (worn)
 v - a +0 pair of boots (worn)
 B - a +0 pair of gloves (worn)
Wands
 A - a wand of mindburst (10)
Scrolls
 a - a scroll of enchant weapon {unknown}
 d - a scroll of vulnerability {unknown}
 e - a scroll of teleportation {unknown}
 k - a scroll of poison {unknown}
 l - a scroll of fear {unknown}
 m - 2 scrolls of magic mapping {unknown}
 n - a scroll of identify {unknown}
 p - a scroll of amnesia {unknown}
 q - 2 scrolls of silence {unknown}
 x - a scroll of butterflies {unknown}
Potions
 b - 2 potions of magic
 h - a potion of degeneration {unknown}
 j - a potion of attraction {unknown}
 o - 3 potions of haste {unknown}
 r - a potion of brilliance {unknown}
 t - a potion of curing
 w - a potion of berserk rage {unknown}
 z - a potion of mutation {unknown}


   Skills:
 + Level 4.7 Fighting
 + Level 4.2 Armour
 - Level 2.0 Dodging
 - Level 2.0 Stealth
 - Level 3.3 Shields
 + Level 5.0 Spellcasting
 + Level 7.0 Necromancy


You had 9 spell levels left.
You knew the following spells:

 Your Spells              Type           Power      Damage    Failure   Level
a - Necrotise             Necr           100%       1d9       1%          1
b - Vampiric Draining     Necr           31%        2d8       2%          3
c - Animate Dead          Necr           31%        N/A       10%         4

Your spell library contained the following spells:

 Spells                   Type           Power      Damage    Failure   Level
 Magic Dart               Conj           16%        1d3       17%         1
 Summon Small Mammal      Summ           16%        N/A       17%         1
 Call Imp                 Summ           4%         N/A       26%         2
 Agony                    Necr           31%        N/A       26%         5
 Call Canine Familiar     Summ           4%         N/A       45%         3
 Ignite Poison            Fire/Tmut/Pois 4%         N/A       45%         3
 Mephitic Cloud           Conj/Pois/Air  4%         N/A       45%         3
 Summon Guardian Golem    Hex/Summ       4%         N/A       45%         3
 Freezing Cloud           Conj/Ice/Air   2%         6-21      99%         5


Dungeon Overview and Level Annotations

Branches:
Dungeon (6/15)             Temple (1/1) D:5

Altars:
Ashenzari
Dithmenos
Fedhas
Gozag
Hepliaklqana
Kikubaaqudgha
Makhleb
Nemelex Xobeh
Okawaru
Qazlal
Sif Muna
Trog
Uskayaw
Wu Jian
Xom
Yredelemnul

Shops:
D:3 !   D:4 :


Innate Abilities, Weirdness & Mutations

When hurt, damage is shared between your health and your magic reserves.
You regenerate magic rapidly.
Your movements are slightly less encumbered by armour. (ER -2)
You have a small tail.


Message History

Edmund hits you with a +0 flail of protection!
The orc wizard hits you with a +2 dagger of venom.
Edmund attacks as you move away!
Edmund hits you with a +0 flail of protection.
Edmund attacks as you move away!
Edmund hits you with a +0 flail of protection.
* * * LOW HITPOINT WARNING * * *
The orc wizard mumbles some strange words.
The orc wizard flickers and vanishes!
Deactivating autopickup; reactivate with Ctrl-A.
Edmund attacks as you move away! You block Edmund's attack.
Edmund says, "I'm quite good with sums, too."
Edmund attacks as you move away!
Edmund hits you with a +0 flail of protection.
The orc priest invokes the aid of Beogh against you.
Beogh smites you!
* * * LOW HITPOINT WARNING * * *
Edmund attacks as you move away!
Edmund hits you with a +0 flail of protection.
* * * LOW HITPOINT WARNING * * *
Casting: Necrotise (safe; 1% risk of failure)
Confirm with . or Enter, or press ? or * to list all spells.
Aiming: Vampiric Draining (dangerous; 3% risk of failure)
Press: ? - help, Shift-Dir - straight line, f/p - Edmund
Aim: Edmund, wielding a +0 flail of protection and wearing a +0 leather armour (severely wounded)
You draw life force from Edmund!
You kill Edmund!
Kikubaaqudgha accepts your kill.
You feel life coursing into your body.
Your life force feels restored.
Your Spellcasting skill increases to level 5!
Your Necromancy skill increases to level 7!
A puff of flame appears from out of thin air!
The puff of flame hits you!
* * * LOW HITPOINT WARNING * * *
There is a stone staircase leading up here.
A puff of flame appears from out of thin air!
The puff of flame hits you!
You die...
Kikubaaqudgha rasps: "You have failed me!
Welcome... death!"

#............#..#.# #..#..## #
...# .............# #.....#
...# ........#.### ##....##
#.## #.........#####..##..#
#..###............#..###..##
#..#......##.........# ##..#
#....o....###..[.....# ##.#
#........## ##.......## #.##
##.........###..@..#...#####.##
......oo.o{)#{.....###........#
###..o.#####o....#.#
##......#... ##..###
###..###.##..###.###.# #.###
#.## ###..##.## .# ### ###
#.##### # ###


You could see an orc.

Vanquished Creatures
  Sigmund (D:3)
  Edmund (D:6)
  An ice beast (D:5)
  A black bear (D:5)
  2 ogres (D:6)
  A phantom (Temple)
  A bullfrog (D:4)
  5 scorpions
  2 wights
  A howler monkey (D:4)
  An orc priest (D:6)
  A jelly (D:5)
  An iguana (D:5)
  5 orc wizards
  7 adders
  A dart slug (D:4)
  20 orcs
  4 ball pythons
  A bat (D:2)
  3 endoplasms
  A giant cockroach (D:1)
  4 hobgoblins
  5 quokkas
  5 goblins
  7 kobolds
  2 rats
84 creatures vanquished.

Vanquished Creatures (collateral kills)
  An orc (D:4)
  A ball python (D:4)
  A rat (D:3)
3 creatures vanquished.

Vanquished Creatures (others)
  An orc wizard (D:4)
  5 orc zombies (D:6)
  38 plants (D:4)
44 creatures vanquished.

Grand Total: 131 creatures vanquished

Notes
Turn   | Place    | Note
-------+----------+-------------------------------------------
     0 | D:1      | mathmaestro the Demonspawn Necromancer began the quest for
                  | the Orb.
     0 | D:1      | Reached XP level 1. HP: 13/13 MP: 3/3
   674 | D:1      | Gained mutation: You regenerate magic rapidly. [demonic
                  | ancestry]
   674 | D:1      | Reached XP level 2. HP: 20/20 MP: 3/5
  1848 | D:3      | Reached skill level 1 in Fighting
  1856 | D:3      | Noticed Sigmund
  1978 | D:3      | Found a faded altar of an unknown god.
  2037 | D:3      | Identified the +0 pair of boots of the Flute {Harm *Corrode
                  | rElec Regen+}
  2120 | D:3      | Reached XP level 3. HP: 26/26 MP: 4/6
  2129 | D:3      | Learned a level 3 spell: Vampiric Draining
  2243 | D:3      | Found Zojekus's Distillery.
  2252 | D:3      | Bought a potion of curing for 36 gold pieces
  2396 | D:3      | Killed Sigmund
  2397 | D:3      | Reached skill level 1 in Armour
  2397 | D:3      | Reached skill level 1 in Shields
  2397 | D:3      | Reached skill level 5 in Necromancy
  2397 | D:3      | Gained mutation: Your movements are slightly less
                  | encumbered by armour. (ER -2) [demonic ancestry]
  2397 | D:3      | Reached XP level 4. HP: 30/33 MP: 3/8
  2397 | D:3      | Reached XP level 5. HP: 35/38 MP: 3/9
  2450 | D:3      | Learned a level 4 spell: Animate Dead
  2585 | D:4      | Found Ytylop's Book Emporium.
  2700 | D:4      | Gained mutation: When hurt, damage is shared between your
                  | health and your magic reserves. [demonic ancestry]
  2700 | D:4      | Reached XP level 6. HP: 43/45 MP: 4/10
  3219 | D:4      | Reached XP level 7. HP: 49/52 MP: 8/12
  3329 | D:5      | Entered Level 5 of the Dungeon
  3695 | D:5      | Found a staircase to the Ecumenical Temple.
  3713 | Temple   | Entered the Ecumenical Temple
  3737 | Temple   | Reached skill level 6 in Necromancy
  3932 | Temple   | Became a worshipper of Kikubaaqudgha
  4647 | D:5      | Identified the +12 quarterstaff of Askesosit {venom, rPois
                  | rF+ Dex-2}
  4775 | D:6      | Gained mutation: You have a small tail. [demonic ancestry]
  4775 | D:6      | Reached XP level 8. HP: 60/60 MP: 9/14
  5717 | D:6      | Noticed Edmund
  5749 | D:6      | Killed Edmund
  5750 | D:6      | Reached skill level 5 in Spellcasting
  5750 | D:6      | Reached skill level 7 in Necromancy
  5754 | D:6      | Killed from afar by an orc wizard

Illustrated notes

Levels and vault maps discovered:
D:1:      amcnicky_arrival_underground_garden, layout_loops_ring
D:2:      layout_loops_cross
D:3:      minmay_spotlight, layout_basic,
          shapermc_ecumenical_altar_starsandcircs, serial_shops, shop,
          uniq_sigmund
D:4:      layout_basic, serial_shops, shop, serial_bayou_lagoon_a,
          grunt_ministairs_1, minmay_misc_feat_tiny
D:5:      layout_loops_ring, temple_pool_b
D:6:      cheibrodos_thug_alley, layout_layer_cave, serial_rivers,
          chequers_serial_rivers_marsh, chequers_serial_rivers_micro_e,
          chequers_serial_rivers_room_b, chequers_serial_rivers_small_b,
          chequers_serial_rivers_micro_a, amcnicky_mini_rare_corridor_liquid,
          minmay_misc_feat_diagonals, st_stairs_4, uniq_edmund
Temple:   minmay_crystal_spiral_temple

Skill      XL: |  1  2  3  4  5  6  7  8 |
---------------+-------------------------+-----
Stealth        | 2 |  2.0
Dodging        | 2 |  2.0
Fighting       | 1 2 3 4 |  4.7
Armour         | 1 2 3 4 |  4.2
Shields        | 1 2 3 |  3.3
Necromancy     | 5 6 7 |  7.0
Spellcasting   | 3 4 5 |  5.0

Action                   |  1- 3 |  4- 6 |  7- 9 || total
-------------------------+-------+-------+-------++-------
Melee: Whip              |     4 |       |       ||     4
       Dagger            |    36 |    58 |    86 ||   180
       Quarterstaff      |       |       |    33 ||    33
       Trident           |       |       |     7 ||     7
       Tailslap          |       |       |     3 ||     3
 Cast: Necrotise         |    24 |    44 |    18 ||    86
       Vampiric Draining |       |     2 |    13 ||    15
       Animate Dead      |       |       |     2 ||     2
Evoke: Wand              |       |       |     5 ||     5
  Use: Potion            |       |       |     1 ||     1
 Stab: Sleeping          |     4 |       |     2 ||     6
Armor: Robe              |     4 |       |       ||     4
       Leather armour    |       |    22 |    44 ||    66
Dodge: Dodged            |    18 |    27 |    90 ||   135
Block: Buckler           |     6 |    10 |    21 ||    37

Table legend: (Time is in decaauts)
 A = Elapsed time spent in this place.
 B = Non-inter-level travel time spent in this place.
 C = Inter-level travel time spent in this place.
 D = Time resting spent in this place.
 E = Time spent auto-exploring this place.
 F = Levels seen in this place.
 G = Mean time per level.
                   A        B        C        D        E       F      G
               +--------+--------+--------+--------+--------+-----+--------+
         Total |   5791 |   5453 |    338 |   1379 |   3055 |   7 |  827.3 |
       Dungeon |   5430 |   5176 |    254 |   1237 |   2988 |   6 |  905.0 |
        Temple |    360 |    276 |     84 |    142 |     67 |   1 |  360.0 |
               +--------+--------+--------+--------+--------+-----+--------+

Top non-repeatable levels by time:
     D:5: 1555 daAuts
     D:1: 902 daAuts
     D:3: 832 daAuts
     D:2: 808 daAuts
     D:4: 806 daAuts
     D:6: 524 daAuts
  Temple: 360 daAuts
